Map: Acid Plant LE

Players

lIIllllIIlll (INnoVation) - Winner!

  • Race: Terran Terran
  • League: Master
  • Spawn Location: 5:00

Solar

  • Race: Zerg Zerg
  • League: Diamond
  • Spawn Location: 11:00

Event: HomeStory Cup XVII

VOD

Have the link to the VOD?

Description

Time

  • Played on: July 1, 2018, 1:59 p.m.
  • Length: 8:06

All games in this series

Show
View Real Time Build Order
Export as new Build Order

lIIllllIIlll Terran - Winner!

Build Orders: Gas First Reaper Expand, Hellion Opening, Reaper Expand, MMM Bio 

Get SALT Encoding   

  12  0:00  SCV  
  13  0:13  SCV  
  14  0:17  Supply Depot  
  14  0:25  SCV  
  14  0:27  Refinery  
  15  0:38  SCV  
  16  0:44  Barracks  
  16  0:50  SCV  
  17  1:02  SCV  
  18  1:15  SCV  
  19  1:31  Orbital Command, Reaper  
  20  1:42  Command Center  
  20  1:52  Factory  
  20  1:56  SCV  
  21  2:04  Barracks Reactor  
  21  2:09  SCV  
  21  2:12  Supply Depot  
  21  2:13  Refinery  
  22  2:21  SCV  
  23  2:34  SCV  
  24  2:43  Starport  
  24  2:45  Hellion x2  
  24  2:46  SCV  
  29  2:52  Barracks Tech Lab  
  29  2:55  Orbital Command  
  29  2:58  SCV  
  30  3:07  Hellion  
  30  3:08  Hellion  
  30  3:10  SCV  
  35  3:21  SCV  
  35  3:22  SCV  
  35  3:25  Viking  
  39  3:28  Supply Depot  
  39  3:35  SCV x2  
  39  3:38  Hellion  
  39  3:39  Hellion  
  45  3:44  Supply Depot  
  45  3:49  SCV  
  45  3:50  SCV  
  49  4:02  SCV  
  54  4:06  SCV  
  51  4:13  Starport Reactor  
  51  4:14  Command Center  
  51  4:16  SCV, Factory Tech Lab  
  50  4:18  SCV  
  50  4:19  Stimpack  
  50  4:21  Barracks  
  51  4:29  Barracks, SCV  
  51  4:30  Marine, SCV  
  54  4:36  Supply Depot  
  54  4:41  SCV  
  54  4:42  SCV  
  56  4:48  Marine  
  56  4:50  Siege Tank  
  60  4:56  Engineering Bay x2, SCV x2  
  60  4:59  Starport Reactor  
  62  5:07  Refinery  
  62  5:08  Refinery, Marine, SCV  
  62  5:09  SCV  
  65  5:20  SCV  
  65  5:21  SCV  
  67  5:22  Siege Tank  
  67  5:23  Bunker, Terran Infantry Armor Level 1, Terran Infantry Weapons Level 1  
  67  5:25  Marine x2  
  72  5:29  Orbital Command  
  72  5:34  SCV x2  
  74  5:36  Supply Depot  
  74  5:39  Marine x3  
  74  5:42  Medivac  
  79  5:43  Marine x2  
  79  5:45  Medivac  
  84  5:50  SCV x2  
  84  5:52  Orbital Command  
  84  5:54  Supply Depot  
  85  5:59  Supply Depot, Siege Tank  
  85  6:03  SCV x2  
  90  6:05  Marine x3  
  93  6:15  Marine x2, SCV x2  
  97  6:19  Combat Shields, Medivac x2  
  97  6:23  Marine x3  
  104  6:25  Supply Depot  
  104  6:26  SCV  
  104  6:27  SCV x2  
  104  6:30  Armory  
  107  6:33  Marine  
  107  6:37  Barracks  
  107  6:38  Barracks  
  108  6:40  SCV  
  109  6:47  Supply Depot, SCV x2  
  109  6:48  Supply Depot x2  
  109  6:49  Siege Tank  
  109  6:53  Marine x3  
  117  7:06  Refinery  
  117  7:08  Marine x2, SCV x3  
  117  7:12  Supply Depot  
  117  7:13  Supply Depot  
  117  7:14  Marine x3  
  125  7:16  Supply Depot  
  125  7:18  Supply Depot  
  125  7:20  SCV x3  
  125  7:22  Refinery  
  128  7:24  Barracks Reactor  
  128  7:26  Marine x2  
  128  7:27  Barracks Reactor  
  109  7:40  Marine x3  
  109  7:43  SCV  
  109  7:44  Marine x2  
Show
View Real Time Build Order
Export as new Build Order

Solar Zerg 

Build Orders: Hatch First 

Get SALT Encoding   

  12  0:01  Drone  
  13  0:12  Overlord  
  13  0:16  Drone  
  14  0:31  Drone x2  
  14  0:35  Drone  
  17  0:51  Hatchery  
  17  0:55  Drone  
  17  1:00  Drone  
  18  1:04  Extractor  
  17  1:15  Spawning Pool  
  17  1:16  Drone  
  17  1:20  Drone  
  18  1:28  Drone  
  19  1:39  Drone  
  20  1:50  Overlord  
  20  2:02  Queen  
  20  2:03  Queen  
  20  2:05  Zergling x4  
  20  2:06  Metabolic Boost  
  26  2:12  Drone  
  27  2:26  Hatchery  
  26  2:30  Drone  
  26  2:33  Drone  
  26  2:35  Drone  
  29  2:39  Drone  
  30  2:45  Queen  
  30  2:50  Overlord  
  32  2:55  Drone x2  
  34  2:58  Drone  
  34  3:02  Drone  
  36  3:12  Drone x2  
  38  3:13  Drone  
  38  3:14  Drone x2  
  38  3:19  Overlord  
  41  3:20  Drone  
  42  3:29  Drone  
  42  3:30  Zergling x2  
  44  3:40  Zergling x2  
  44  3:41  Queen, Zergling x2  
  46  3:42  Queen  
  46  3:45  Drone x2  
  46  3:46  Overlord  
  46  3:47  Zergling x2  
  53  3:54  Roach Warren  
  52  3:56  Zergling x4  
  52  3:58  Drone x2  
  56  4:02  Lair  
  56  4:05  Drone  
  56  4:06  Drone  
  56  4:09  Overlord  
  58  4:15  Overlord  
  57  4:18  Extractor  
  57  4:19  Extractor  
  57  4:23  Drone x2  
  57  4:25  Overlord  
  57  4:26  Overlord  
  57  4:29  Zergling x4  
  59  4:34  Drone  
  59  4:35  Drone x2  
  62  4:38  Zergling x2  
  62  4:39  Zergling x8  
  66  4:46  Roach  
  66  4:49  Overlord  
  66  4:50  Roach x2  
  66  4:52  Roach  
  74  4:54  Roach  
  74  4:56  Drone  
  78  5:00  Drone  
  78  5:01  Drone  
  78  5:03  Drone x2  
  78  5:04  Drone  
  81  5:07  Spore Crawler  
  81  5:12  Overlord  
  81  5:13  Drone  
  81  5:15  Drone  
  81  5:18  Overseer  
  81  5:19  Drone  
  83  5:27  Drone, Evolution Chamber  
  83  5:28  Drone x2, Evolution Chamber  
  85  5:29  Drone  
  85  5:30  Drone  
  85  5:32  Drone  
  85  5:33  Drone x2  
  89  5:36  Drone x2  
  89  5:38  Drone  
  89  5:41  Overlord  
  92  5:44  Extractor x2  
  90  5:52  Drone x7  
  97  5:57  Zerg Ground Armor Level 1  
  97  6:04  Drone  
  97  6:05  Drone  
  97  6:07  Baneling Nest  
  97  6:09  Zerg Melee Weapons Level 1  
  98  6:11  Overlord  
  98  6:14  Hydralisk Den  
  98  6:15  Hatchery  
  98  6:17  Ravager x3  
  99  6:19  Zergling x2  
  99  6:20  Zergling x8  
  99  6:22  Overlord  
  99  6:25  Overlord  
  104  6:27  Overlord  
  104  6:29  Overlord  
  104  6:33  Drone x2  
  104  6:34  Overlord  
  104  6:37  Overlord  
  104  6:39  Overlord  
  105  6:41  Overlord  
  105  6:42  Pneumatized Carapace  
  105  6:45  Drone x2  
  107  6:47  Grooved Spines  
  107  6:50  Baneling x6  
  107  6:51  Zergling x2  
  108  6:55  Zergling x6  
  108  6:57  Zergling x4  
  112  7:03  Drone x2  
  112  7:07  Hydralisk x2, Drone  
  119  7:12  Hydralisk  
  119  7:15  Drone x5  
  126  7:16  Baneling x3  
  126  7:19  Hydralisk  
  126  7:20  Zergling x2  
  126  7:21  Hydralisk  
  131  7:23  Hydralisk  
  132  7:33  Hydralisk x3  
  132  7:35  Zergling x4  
  132  7:37  Zergling x2  
  126  7:38  Zergling x2  
  126  7:40  Zergling x2  
  122  7:48  Zergling x18  
  122  7:49  Zergling x2  
Tags
 
Add a new tag
Caveats
  • Supply blocks, unpowered buildings, or Contaminate may cause inaccurate times.
  • Supply counts are checked every 10 seconds.